 Dungeon Crawl Stone Soup version 0.20.1-1-g8b1a95d (webtiles) character file.

105 vatarom the Insei (level 4, -1/28 HPs)
             Began as an Octopode Transmuter on Oct 13, 2017.
             Was an Initiate of Makhleb.
             Slain by Irenicus's ghost (2 damage)
             ... on level 3 of the Dungeon.
             The game lasted 00:05:32 (2815 turns).

vatarom the Insei (Octopode Transmuter)             Turns: 2815, Time: 00:05:33

Health: -1/28      AC:  1    Str: 10    XL:     4   Next: 81%
Magic:  2/7        EV: 14    Int: 15    God:    Makhleb [......]
Gold:   159        SH:  0    Dex: 12    Spells: 2/8 levels left

rFire    . . .     SeeInvis .     - Unarmed
rCold    . . .     Gourm    .   (no shield)
rNeg     . . .     Faith    .   (helmet restricted)
rPois    .         Spirit   .   (no amulet)
rElec    .         Reflect  .   (no ring)
rCorr    .         Harm     .   (no ring)
MR       .....                  (no ring)
Stlth    ++........             (no ring)
Regen    0.1/turn               (no ring)
MPRegen  0.1/turn               (no ring)
                                (no ring)
                                (no ring)

@: no status effects
A: almost no armour, stealthy swim, amphibious, 8 rings, constrict 8, camouflage
1, gelatinous body 1
a: Renounce Religion


You were on level 3 of the Dungeon.
You worshipped Makhleb.
Makhleb was noncommittal.
You were not hungry.

You visited 1 branch of the dungeon, and saw 4 of its levels.

You collected 159 gold pieces.

Inventory:

Jewellery
 i - an uncursed ring of protection from cold {unknown}
Scrolls
 e - a scroll of fear {unknown}
 n - 3 scrolls of teleportation {unknown}
 p - a scroll of random uselessness {unknown}
 q - a scroll of blinking {unknown}
 r - a scroll of recharging {unknown}
 s - a scroll of immolation {unknown}
Books
 b - a book of Changes

   Spells                             Type                      Level
   a - Beastly Appendage              Transmutation                1
   b - Sticks to Snakes               Transmutation                2
   c - Spider Form                    Transmutation/Poison         3
   d - Ice Form                       Ice/Transmutation            4
   e - Blade Hands                    Transmutation                5
Comestibles
 f - a fruit
 g - 2 royal jellies
 j - a meat ration


   Skills:
 + Level 1.6 Fighting
 + Level 2.8 Dodging
 * Level 3.4 Unarmed Combat
 + Level 2.6 Spellcasting
 * Level 3.0 Transmutations
 + Level 0.2 Invocations


You had 2 spell levels left.
You knew the following spells:

 Your Spells              Type           Power        Failure   Level  Hunger
a - Beastly Appendage     Tmut           ##....       6%          1    #......
b - Sticks to Snakes      Tmut           ##......     9%          2    ###....
c - Spider Form           Tmut/Pois      #.........   32%         3    ###....


Dungeon Overview and Level Annotations

Branches:
Dungeon (4/15)
 Temple: D:4-7

Altars:
Elyvilon
Fedhas
Gozag
Makhleb

Annotations:
D:3 Irenicus's ghost, amateur OpCK


Innate Abilities, Weirdness & Mutations

You cannot wear most types of armour.
You are very stealthy in the water. (Stealth+)
You are amphibious.
You can wear up to eight rings at the same time.
You can use your tentacles to constrict eight enemies at once.
Your skin changes colour to match your surroundings (Stealth+).
Your rubbery body absorbs attacks. (AC +1, EV +1)


Message History

You aren't carrying any items that you can evoke.
You barely miss the phantom.
The phantom is severely damaged.
The phantom hits you!
The phantom blinks!
There is a stone staircase leading up here.
You can't go down here!
You climb upwards.
Level annotation: Irenicus's ghost, amateur OpCK Irenicus's ghost hits you.
* * * LOW HITPOINT WARNING * * *
There is a stone staircase leading down, spattered with blood here.
Unknown command.
Unknown command.
Okay, then.
Okay, then.
There is a stone staircase leading down here.
The rat bites you but does no damage. Irenicus's ghost hits you.
* * * LOW HITPOINT WARNING * * *
Irenicus's ghost burns you.
You die...

..................#..# ### *
.....................## #P#####
#..................#..#####_._._#
#.......................#.)......
#.........##..#..............⌠.P.
#.##......###.#.###......##.P..P#
.......(<.......###.......###.###
#.###..#........................#
..# #.....####..@r..............#
..# #..##.# #...W).............#
#.###..##.# *#.##..........<....#
#......##.###...###..............
..####....[.#.♣.* #..............
...##.....###...# ##...........##
......###...##.## #...........#
...#### ###.##.# #...........#
......#*###.##.## #####.......##


You could see Irenicus's ghost and a rat.

Vanquished Creatures
  2 adders (D:2)
  3 worms (D:2)
  A dart slug (D:2)
  2 orcs
  A ball python (D:1)
  2 giant cockroaches
  7 goblins
  5 hobgoblins
  2 jackals (D:1)
  8 bats
  2 frilled lizards
  9 kobolds
  11 rats
55 creatures vanquished.

Vanquished Creatures (collateral kills)
  A worker ant (D:4)
  An adder (D:2)
  An orc (D:4)
  A kobold (D:2)
4 creatures vanquished.

Grand Total: 59 creatures vanquished

Notes
Turn   | Place    | Note
-------+----------+-------------------------------------------
     0 | D:1      | vatarom the Octopode Transmuter began the quest for the Orb.
     0 | D:1      | Reached XP level 1. HP: 13/13 MP: 3/3
   135 | D:1      | Reached XP level 2. HP: 8/18 MP: 5/5
   513 | D:1      | Learned a level 2 spell: Sticks to Snakes
   834 | D:1      | Reached XP level 3. HP: 9/23 MP: 6/6
  1356 | D:2      | HP: 1/23 [adder (3)]
  1570 | D:2      | Learned a level 3 spell: Spider Form
  1810 | D:2      | Reached XP level 4. HP: 28/28 MP: 7/7
  1992 | D:3      | Found a blossoming altar of Fedhas.
  1993 | D:3      | Found a burning altar of Makhleb.
  1999 | D:3      | Found an opulent altar of Gozag.
  2010 | D:3      | Became a worshipper of Makhleb the Destroyer
  2099 | D:3      | Found a white marble altar of Elyvilon.
  2137 | D:3      | Noticed Irenicus's ghost (amateur OpCK)
  2553 | D:4      | Noticed a phantom
  2815 | D:3      | HP: 1/28 [Irenicus's ghost (5)]
  2815 | D:3      | Slain by Irenicus's ghost

Skill      XL: |  1  2  3  4 |
---------------+-------------+-----
Transmutations | 3 |  3.0
Fighting       | |  1.6
Dodging        | |  2.8
Unarmed Combat | |  3.4
Spellcasting   | |  2.6
Invocations    | |  0.2

Action                   |  1- 3 |  4- 6 || total
-------------------------+-------+-------++-------
Melee: Unarmed           |    99 |    61 ||   160
       Constrict         |    27 |    13 ||    40
       Tentacles         |    19 |     9 ||    28
 Cast: Sticks to Snakes  |     4 |     8 ||    12
       Spider Form       |     1 |       ||     1
  Use: Potion            |     4 |     6 ||    10
       Scroll            |       |     1 ||     1
 Stab: Sleeping          |     6 |       ||     6
  Eat: Chunk             |     2 |     2 ||     4
       Fruit             |     1 |       ||     1
       Bread ration      |       |     1 ||     1
Armor: Skin              |     7 |    12 ||    19
Dodge: Dodged            |    76 |    52 ||   128
